 Dungeon Crawl Stone Soup version 0.31-a0-588-g14bffd4ff3 (webtiles) character file.

Game seed: 6032445796818378893

23 Conn the Firebug (level 2, 0/17 HPs)
             Began as an Octopode Fire Elementalist on Aug 19, 2023.
             Slain by Terence
             ... wielding a +0 flail
              (2 damage)
             ... on level 2 of the Dungeon.
             The game lasted 00:01:46 (649 turns).

Conn the Firebug (Octopode Fire Elementalist)        Turns: 649, Time: 00:01:46

Health: 0/17       AC:  1    Str:  7    XL:     2   Next: 95%
Magic:  5/5        EV: 13    Int: 17    God:
Gold:   14         SH:  0    Dex: 12    Spells: 4/5 levels left

rFire   . . .        (no weapon)
rCold   . . .        (no shield)
rNeg    . . .        (helmet restricted)
rPois   .            (no amulet)
rElec   .            (no ring)
rCorr   .            (no ring)
SInv    .            (no ring)
Will    .....        (no ring)
Stlth   +++          (no ring)
HPRegen 0.22/turn    (no ring)
MPRegen 0.09/turn    (no ring)
                     (no ring)

%: no passive effects
@: no status effects
A: almost no armour, amphibious, 8 rings, camouflage 1, gelatinous body 1,
(nimble swimmer 1), tentacles
a: no special abilities


You were on level 2 of the Dungeon.
You visited 1 branch of the dungeon, and saw 2 of its levels.

You collected 14 gold pieces.

Inventory:

Potions
 a - a potion of magic


   Skills:
 + Level 2.1 Dodging
 + Level 3.1 Stealth
 + Level 2.4 Spellcasting
 + Level 1.0 Conjurations
 + Level 3.4 Fire Magic


You had 4 spell levels left.
You knew the following spells:

 Your Spells              Type           Power      Damage    Failure   Level
a - Foxfire               Conj/Fire      36%        2x1d5     8%          1

Your spell library contained the following spells:

 Spells                   Type           Power      Damage    Failure   Level
 Scorch                   Fire           26%        2d6       7%          2
 Inner Flame              Hex/Fire       7%         N/A       28%         3
 Volatile Blastmotes      Fire/Tloc      14%        2d11      28%         3
 Flame Wave               Conj/Fire      9%         2d6       58%         4


Dungeon Overview and Level Annotations

Branches:
Dungeon (1/15)

Altars:

Annotations:
D:2 Terence


Innate Abilities, Weirdness & Mutations

You cannot wear most types of armour.
You are amphibious.
You can wear up to eight rings at the same time.
Your skin changes colour to match your surroundings (Stealth+).
Your rubbery body absorbs attacks. (AC +1, EV +1)
((You are camouflaged when in or above water. (Stealth+)))
You have tentacles for arms and can constrict up to eight enemies at once.


Message History

You aren't carrying any scrolls.
Unknown command.
Unknown command.
Unknown command.
Unknown command.
You tentacle-slap Terence but do no damage.
Your grab misses Terence.
The foxfire hits Terence but does no damage. x2
Terence hits you with a +0 flail.
Unknown command.
A jackal comes into view.
Terence attacks as you move away! Terence hits you with a +0 flail.
Unknown command.
Unknown command.
Terence attacks as you move away! Terence misses you.
Terence attacks as you move away! Terence hits you with a +0 flail!
A dart slug comes into view.
Terence says, "Rest in peace."
Terence attacks as you move away! Terence barely misses you.
The dart slug bites you.
* * * LOW HITPOINT WARNING * * *
Okay, then.
Unknown command.
Unknown command.
Unknown command.
You tentacle-slap the dart slug. You grab the dart slug.
The dart slug is lightly wounded.
You constrict the dart slug. The dart slug bites you.
* * * LOW HITPOINT WARNING * * *
You tentacle-slap the dart slug but do no damage.
The dart slug is moderately wounded.
You constrict the dart slug. Terence closely misses you.
You tentacle-slap the dart slug but do no damage.
The dart slug is moderately wounded.
You constrict the dart slug. Terence barely misses you.
The dart slug misses you.
You tentacle-slap the dart slug but do no damage.
The dart slug is heavily wounded.
You constrict the dart slug. Terence hits you with a +0 flail.
You die...

#.##.# ##.#.#
.. ... #.#.#
... #.#h# ...
..#.# ###.#
#h# #.## #.#
#...########.#
#..w@@h.....#
#############


You could see Terence, a dart slug and a jackal.

Vanquished Creatures
  A dart slug (D:1)
  2 bats (D:2)
  4 endoplasms (D:1)
  3 giant cockroaches
  A goblin (D:1)
  A kobold (D:1)
  A quokka (D:1)
  3 ball pythons
  A frilled lizard (D:1)
  A rat (D:2)
18 creatures vanquished.

Vanquished Creatures (others)
  56 foxfires
56 creatures vanquished.

Grand Total: 74 creatures vanquished

Notes
Turn   | Place    | Note
-------+----------+-------------------------------------------
     0 | D:1      | Conn the Octopode Fire Elementalist began the quest for the
                  | Orb.
     0 | D:1      | Reached XP level 1. HP: 11/11 MP: 3/3
   162 | D:1      | Reached XP level 2. HP: 17/17 MP: 0/5
   416 | D:1      | You fall into a shaft and drop 1 floor!
   626 | D:2      | Noticed Terence
   649 | D:2      | Slain by Terence

Illustrated notes

Levels and vault maps discovered:
D:1:      lordsloth_arrival_two_stooges, layout_basic
D:2:      layout_loops_ring, hellmonk_ecumenical_altar_prayer_group,
          uniq_terence

Skill      XL: |  1  2 |
---------------+-------+-----
Stealth        | 3 |  3.1
Dodging        | |  2.1
Spellcasting   | |  2.4
Conjurations   | |  1.0
Fire Magic     | |  3.4

Action                     || total
---------------------------++-------
  Melee: Unarmed           ||     8
         Constrict         ||     2
   Cast: Foxfire           ||    34
  Dodge: Dodged            ||     9

Table legend: (Time is in decaauts)
 A = Elapsed time spent in this place.
 B = Non-inter-level travel time spent in this place.
 C = Inter-level travel time spent in this place.
 D = Time resting spent in this place.
 E = Time spent auto-exploring this place.
 F = Levels seen in this place.
 G = Mean time per level.
                   A        B        C        D        E       F      G
               +--------+--------+--------+--------+--------+-----+--------+
         Total |    648 |    648 |      0 |      0 |    489 |   2 |  324.0 |
       Dungeon |    648 |    648 |      0 |      0 |    489 |   2 |  324.0 |
               +--------+--------+--------+--------+--------+-----+--------+

Top non-repeatable levels by time:
     D:1: 416 daAuts
     D:2: 232 daAuts
